 Dungeon Crawl Stone Soup version 0.27-a0-46-g34d46f0a3f (webtiles) character file.

Game seed: 661894476689791998

2907 Borgoz the Grappler (level 9, -1/75 HPs)
             Began as a Ghoul Gladiator on Jan 6, 2021.
             Was a Follower of Ashenzari.
             Slain by an orange demon (11 damage)
             ... summoned by an orc sorcerer
             ... in a bailey.
             The game lasted 00:11:07 (7223 turns).

Borgoz the Grappler (Ghoul Gladiator)               Turns: 7223, Time: 00:11:07

Health: -1/75      AC:  9    Str: 18    XL:     9   Next: 78%
Magic:  8/8        EV: 16    Int:  3    God:    Ashenzari [*.....]
Gold:   441        SH:  0    Dex: 13    Spells: 8/8 levels left

rFire    . . .     SeeInvis .     - Unarmed
rCold    + . .     Faith    .   (no shield)
rNeg     + + +     Spirit   .   o - +3 troll leather armour (curse) {Purgy}
rPois    ∞         Reflect  .   b - +0 helmet
rElec    .         Harm     .   (no cloak)
rCorr    .         Rampage  .   (no gloves)
Will     .....                  (no boots)
Stlth    +.........             (no amulet)
HPRegen  0.00/turn              (no ring)
MPRegen  0.11/turn              (no ring)

@: no status effects
A: claws 1, cold resistance 1, negative energy resistance 3, inhibited
regeneration, torment resistance, unbreathing
a: Renounce Religion, Curse Item, Scrying


You were in a bailey.
You worshipped Ashenzari.
Ashenzari was aware of your devotion.
You visited 2 branches of the dungeon, and saw 8 of its levels.
You also visited: Sewer and Bailey.

You collected 511 gold pieces.
You spent 70 gold pieces at shops.

Inventory:

Hand Weapons
 h - the cursed +2 dagger of Blood {pain, +Rage}
   (You found it in a bailey)

   In the hands of one skilled in necromantic magic, it inflicts extra damage on
   living creatures.
   It lets you go berserk.
   It has a curse placed upon it.
 A - the +7 captain's cutlass {speed, disarm}
   (You found it on level 7 of the Dungeon)

   Attacks with this weapon are significantly faster.
Missiles
 c - a throwing net (quivered)
 i - 44 poisoned darts
Armour
 b - a +0 helmet (worn)
 o - a cursed +3 troll leather armour (worn) {Purgy}
Wands
 p - a wand of random effects (12)
 r - a wand of acid (3)
 s - a wand of iceblast (5)
 y - a wand of flame (11)
Scrolls
 e - 8 scrolls of remove curse
 g - 4 scrolls of amnesia
 k - a scroll of fog
 m - a scroll of fear
 n - a scroll of teleportation
 w - a scroll of blinking
Potions
 a - 6 potions of flight
 d - a potion of resistance
 f - 2 potions of curing
 j - a potion of heal wounds
 l - 2 potions of magic {unknown}
 t - 3 potions of lignification {unknown}
 u - 3 potions of attraction {unknown}


   Skills:
 + Level 6.2 Fighting
 - Level 1.7 Throwing
 + Level 4.6 Armour
 * Level 7.5 Dodging
 * Level 9.0 Unarmed Combat


You had 8 spell levels left.
You didn't know any spells.
Your spell library contained the following spells:

 Spells                   Type           Power        Failure   Level
 Animate Skeleton         Necr           0%           58%         1
 Foxfire                  Conj/Fire      0%           58%         1
 Pain                     Necr           0%           58%         1
 Conjure Flame            Conj/Fire      0%           91%         3
 Inner Flame              Hex/Fire       0%           91%         3
 Vampiric Draining        Necr           0%           91%         3
 Animate Dead             Necr           0%           100%        4
 Leda's Liquefaction      Hex/Erth       0%           100%        4
 Sticky Flame             Conj/Fire      0%           100%        4
 Agony                    Necr           0%           100%        5
 Bolt of Magma            Conj/Fire/Erth 0%           100%        5
 Fireball                 Conj/Fire      0%           100%        5
 Iron Shot                Conj/Erth      0%           100%        6
 Shatter                  Erth           0%           100%        9
 Statue Form              Tmut/Erth      Unusable     N/A         6

Dungeon Overview and Level Annotations

Branches:
Dungeon (7/15)             Temple (1/1) D:6           Sewer (visited)
 Bailey (1/1)

Altars:
Ashenzari
Cheibriados
Dithmenos
Elyvilon
Fedhas
Gozag
Hepliaklqana
Kikubaaqudgha
Makhleb
Nemelex Xobeh
Okawaru
Qazlal
Ru
Sif Muna
Trog
Uskayaw
Vehumet
Wu Jian
Xom
Yredelemnul
The Shining One

Shops:
D:5 (!

Annotations:
D:3 3 runed translucent doors, Gypyx's ghost, amateur TeBe


Innate Abilities, Weirdness & Mutations

You thrive by killing the living.
You are immune to poison.
You have sharp fingernails.
Your flesh is cold resistant. (rC+)
You are immune to negative energy. (rN+++)
You do not regenerate when monsters are visible.
You are immune to unholy pain and torment.
You can survive without breathing.


Message History

The orc sorcerer is moderately wounded.
The orange demon barely misses you.
The orange demon hits you but does no damage.
The orc sorcerer struggles against the net.
You scratch the orc sorcerer.
The orc sorcerer is heavily wounded.
The orange demon closely misses you. x2
The orc sorcerer struggles against the net.
You scratch the orc sorcerer.
The orc sorcerer is severely wounded.
The orange demon stings you. The orange demon closely misses you.
The orc sorcerer struggles against the net.
The net rips apart, and the orc sorcerer comes free!
You scratch the orc sorcerer.
The orc sorcerer is almost dead.
The orc sorcerer gestures at you while chanting.
The bolt of fire hits you!!
* * * LOW HITPOINT WARNING * * *
The orange demon stings you!
You die...

[.'..⌠..#
#...∩.)[#∩≈≈≈≈≈≈#
..'.....#
#'##.##'#.≈≈≈≈≈≈#
≈.#.....#
#..#.#)[#.≈≈≈≈≈≈#
≈.#++####
#..#.#)?#.≈≈≈≈≈≈# ≈.#
# .#..#.#..#.≈≈≈≈≈≈#
≈.#
#....#..#)#..#.≈≈≈≈≈≈#
###
....#####'######≈≈≈≈≈#
# 8.8.'.o...# ≈≈≈≈≈# #
..#44@..# ≈≈≈≈≈# #
####### ≈≈≈≈≈# #
≈≈≈≈≈# #


You could see an orange demon (summoned), an ice devil (summoned) and an orc
sorcerer.

Vanquished Creatures
  An orc knight (Bailey)
  Sigmund (D:6)
  Menkaure (D:5)
  4 orc warriors
  An ice beast (D:6)
  Purgy (Sewer)
  2 sky beasts (D:6)
  A centaur (D:6)
  2 bullfrogs
  A scorpion (D:7)
  3 wights (D:6)
  An electric eel (Bailey)
  A howler monkey (D:5)
  A quasit (D:6)
  A jelly (D:5)
  2 hounds
  2 orc priests (D:6)
  An iguana (D:6)
  9 worker ants
  2 killer bee zombies
  A hound zombie (D:6)
  A worker ant zombie (D:6)
  22 gnolls
  A howler monkey skeleton (D:7)
  8 adders
  4 ufetubi
  7 oozes (D:1)
  An adder skeleton (D:5)
  4 worms
  A dart slug (D:1)
  5 leopard geckos
  23 orcs
  9 giant cockroaches
  18 goblins
  10 hobgoblins
  12 jackals
  2 quokkas
  4 ball pythons
  5 bats
  7 frilled lizards
  A giant cockroach zombie (D:5)
  12 kobolds
  11 rats
207 creatures vanquished.

Notes
Turn   | Place    | Note
-------+----------+-------------------------------------------
     0 | D:1      | Borgoz the Ghoul Gladiator began the quest for the Orb.
     0 | D:1      | Reached XP level 1. HP: 17/17 MP: 0/0
     1 | D:1      | Found a runed translucent door.
    75 | D:1      | Reached XP level 2. HP: 19/24 MP: 1/1
   702 | D:1      | Reached XP level 3. HP: 30/30 MP: 2/2
  1051 | D:1      | Reached skill level 1 in Armour
  1051 | D:1      | Reached skill level 4 in Unarmed Combat
  1187 | D:2      | Reached XP level 4. HP: 26/37 MP: 3/3
  1344 | D:2      | Found a broken altar of Ashenzari.
  1356 | D:2      | Became a worshipper of Ashenzari the Shackled
  1744 | D:2      | Found a faded altar of an unknown god.
  1783 | D:2      | Reached XP level 5. HP: 44/44 MP: 4/4
  2026 | D:3      | Found a runed translucent gate.
  2027 | D:3      | Found a runed translucent gate.
  2242 | D:3      | Reached skill level 5 in Unarmed Combat
  2242 | D:3      | Reached XP level 6. HP: 26/51 MP: 5/5
  2525 | D:4      | Found a glowing drain.
  2529 | Sewer    | Entered a sewer
  2642 | Sewer    | Noticed Purgy
  2661 | Sewer    | Killed Purgy
  3195 | D:3      | Found an opulent altar of Gozag.
  3197 | D:3      | Found a runed translucent gate.
  3197 | D:3      | Noticed Gypyx's ghost (amateur TeBe)
  3463 | D:1      | Reached XP level 7. HP: 50/58 MP: 6/6
  3932 | D:4      | Found a bloodstained altar of Trog.
  4295 | D:5      | Entered Level 5 of the Dungeon
  4348 | D:5      | Found Nyuj Geu's Antique Weapon Shoppe.
  4352 | D:5      | Reached * piety under Ashenzari
  4391 | D:5      | Reached skill level 6 in Unarmed Combat
  4533 | D:5      | Found Ywkelej's Distillery.
  4604 | D:5      | Bought a potion of heal wounds for 70 gold pieces
  4752 | D:5      | Reached skill level 5 in Dodging
  4982 | D:6      | Reached XP level 8. HP: 35/67 MP: 7/7
  5196 | D:6      | Noticed Sigmund
  5210 | D:6      | Noticed Menkaure
  5237 | D:5      | HP: 2/67 [Menkaure (23)]
  5241 | D:5      | Killed Menkaure
  5462 | D:5      | Reached skill level 7 in Unarmed Combat
  5598 | D:6      | Reached skill level 5 in Fighting
  5607 | D:6      | Killed Sigmund
  5766 | D:6      | Found a staircase to the Ecumenical Temple.
  5795 | Temple   | Entered the Ecumenical Temple
  6032 | D:6      | Reached XP level 9. HP: 68/74 MP: 8/8
  6053 | D:6      | Reached skill level 8 in Unarmed Combat
  6560 | D:7      | Found the +7 captain's cutlass {speed, disarm}
  6571 | D:7      | Found a stormy altar of Qazlal.
  6594 | D:7      | Identified the +0 robe of Zacwiat {rElec rPois}
  6709 | D:7      | Found a flagged portal.
  6733 | Bailey   | Entered a bailey
  6796 | Bailey   | Identified a scroll of acquirement
  6796 | Bailey   | Acquired the cursed +0 helmet "Poacroull" {+Blink Dex+2}
  7080 | Bailey   | Got the cursed dagger of Blood {pain, +Rage}
  7103 | Bailey   | Noticed an orc knight
  7122 | Bailey   | Killed an orc knight
  7123 | Bailey   | Reached skill level 9 in Unarmed Combat
  7209 | Bailey   | Noticed an orc sorcerer
  7210 | Bailey   | Noticed an orange demon
  7215 | Bailey   | Noticed an ice devil
  7223 | Bailey   | Slain by an orange demon

Illustrated notes

Levels and vault maps discovered:
D:1:      dpeg_arrival_caged_fury, layout_basic, nrook_uturn
D:2:      layout_loops_cross, chequers_ecumenical_altar_island,
          evilmike_ruin_ashenzari
D:3:      cheibrodos_greedy_goblins, layout_rooms, ebering_ghost_gozag
D:4:      layout_loops_corners, gup_sewer_entry_bowl, trog_three_pillars_becter
D:5:      layout_rooms, serial_shops, nicolae_shop_trees,
          nicolae_shop_overgrown_old_shop, solitary_fountain
D:6:      layout_cave_pods, minmay_temple_entry_glassed_door, uniq_sigmund,
          uniq_menkaure
D:7:      layout_rooms, enter_bailey_7, gammafunk_ghost_gnarly_gnolls,
          basic_altar, dk_noncrumbling_2, kennysheep_generic_room_6
Temple:   compressed_dpeg_triangle_lava_temple
Bailey:   bailey_axe_of_yendor_kennysheep, bailey

Skill      XL: |  1  2  3  4  5  6  7  8  9 |
---------------+----------------------------+-----
Dodging        | 3 4 5 6 7 |  7.5
Armour         | 1 2 3 4 |  4.6
Unarmed Combat | 4 5 6 7 9 |  9.0
Fighting       | 3 4 5 6 |  6.2
Throwing       | |  1.7

Action                   |  1- 3 |  4- 6 |  7- 9 || total
-------------------------+-------+-------+-------++-------
Melee: Unarmed           |   108 |   346 |   359 ||   813
       Punch             |     2 |     5 |    13 ||    20
       Cutlass           |       |       |    30 ||    30
Throw: Throwing net      |       |     1 |     5 ||     6
Invok: Curse Item        |       |       |     1 ||     1
Evoke: Wand              |       |       |     2 ||     2
  Use: Potion            |     1 |     3 |     4 ||     8
       Scroll            |       |     7 |    14 ||    21
 Stab: Invisible         |     1 |     2 |       ||     3
       Held in net/web   |       |       |     5 ||     5
Armor: Leather armour    |    16 |       |       ||    16
       Ring mail         |    27 |    52 |       ||    79
       Troll leather arm |       |    43 |    86 ||   129
Dodge: Dodged            |   105 |   290 |   254 ||   649

Table legend: (Time is in decaauts)
 A = Elapsed time spent in this place.
 B = Non-inter-level travel time spent in this place.
 C = Inter-level travel time spent in this place.
 D = Time resting spent in this place.
 E = Time spent auto-exploring this place.
 F = Levels seen in this place.
 G = Mean time per level.
                   A        B        C        D        E       F      G
               +--------+--------+--------+--------+--------+-----+--------+
         Total |   7184 |   6911 |    273 |   1640 |   3602 |  10 |  718.4 |
       Dungeon |   6261 |   5998 |    263 |   1358 |   3277 |   7 |  894.4 |
        Temple |    134 |    124 |     10 |      0 |    124 |   1 |  134.0 |
         Sewer |    310 |    310 |      0 |     35 |    160 |   1 |  310.0 |
        Bailey |    477 |    477 |      0 |    247 |     40 |   1 |  477.0 |
               +--------+--------+--------+--------+--------+-----+--------+

Top non-repeatable levels by time:
     D:1: 1359 daAuts
     D:6: 1137 daAuts
     D:4: 1035 daAuts
     D:5: 963 daAuts
     D:3: 826 daAuts
     D:2: 771 daAuts
  Bailey: 477 daAuts
   Sewer: 310 daAuts
     D:7: 167 daAuts
  Temple: 134 daAuts
